Map: Kairos Junction LE

Players

Stropheum - Winner!

  • Race: Zerg Zerg
  • League: Master
  • Spawn Location: 5:00

Everto

  • Race: Protoss Protoss
  • League: Diamond
  • Spawn Location: 11:00

VOD

Have the link to the VOD?

Description

Time

  • Played on: March 8, 2019, 8:17 p.m.
  • Length: 13:10
Show
View Real Time Build Order
Export as new Build Order

Stropheum Zerg - Winner!

Build Orders: Hatch First 

Get SALT Encoding   

  12  0:00  Drone  
  13  0:12  Overlord  
  13  0:17  Drone  
  14  0:30  Drone  
  15  0:45  Hatchery  
  15  0:49  Drone  
  15  0:52  Drone  
  15  0:56  Drone  
  17  1:04  Extractor  
  17  1:07  Drone  
  17  1:18  Spawning Pool  
  17  1:20  Drone  
  17  1:24  Drone  
  19  1:32  Drone  
  19  1:43  Drone  
  20  1:54  Overlord  
  20  2:06  Zergling x4  
  20  2:07  Queen x2  
  26  2:10  Drone  
  27  2:17  Metabolic Boost  
  27  2:19  Drone x2  
  29  2:26  Drone  
  30  2:40  Hatchery  
  29  2:45  Drone  
  29  2:46  Overlord  
  29  2:50  Drone  
  31  2:53  Drone  
  31  2:55  Drone  
  31  2:58  Drone  
  34  3:04  Queen  
  36  3:08  Overlord  
  36  3:15  Drone x3  
  37  3:21  Spore Crawler  
  37  3:26  Drone  
  38  3:27  Drone x3  
  39  3:39  Overlord, Drone  
  39  3:40  Drone  
  41  3:41  Drone  
  41  3:42  Spore Crawler  
  41  3:50  Overlord  
  41  3:53  Drone x2  
  43  3:59  Lair  
  43  4:05  Drone x5  
  43  4:07  Drone  
  49  4:10  Spore Crawler  
  49  4:13  Drone  
  49  4:14  Drone  
  49  4:15  Drone  
  50  4:38  Drone x13  
  63  4:50  Overlord x2  
  63  4:51  Drone  
  63  4:52  Drone  
  65  4:53  Extractor  
  65  4:54  Extractor  
  63  5:02  Roach Warren  
  63  5:03  Hatchery  
  63  5:05  Evolution Chamber x2  
  58  5:18  Drone x12  
  58  5:19  Drone  
  71  5:26  Overlord x2  
  71  5:30  Queen  
  71  5:32  Queen  
  75  5:35  Extractor  
  75  5:36  Extractor  
  75  5:37  Zerg Melee Weapons Level 1  
  75  5:39  Zerg Missile Weapons Level 1  
  73  5:43  Glial Reconstitution  
  73  5:44  Baneling Nest  
  72  5:53  Drone x8  
  72  5:54  Drone  
  81  6:04  Overlord x4  
  81  6:07  Roach x2  
  81  6:09  Roach  
  81  6:11  Roach  
  89  6:13  Roach  
  91  6:25  Roach x4  
  99  6:31  Baneling x3  
  99  6:45  Overlord x4  
  99  6:46  Overlord  
  101  6:47  Roach x4  
  101  6:53  Roach  
  101  6:54  Roach  
  108  6:56  Roach x3  
  108  6:57  Roach x6  
  116  7:04  Roach x3  
  114  7:12  Roach x2  
  113  7:18  Roach  
  113  7:21  Roach  
  100  7:30  Roach x7  
  100  7:31  Roach x3  
  114  7:40  Zerg Missile Weapons Level 2  
  112  7:47  Roach x4  
  118  7:52  Roach x5  
  118  7:54  Burrow  
  124  8:08  Hatchery  
  123  8:14  Zerg Melee Weapons Level 2  
  123  8:15  Hatchery  
  122  8:33  Roach x6  
  128  8:43  Drone x6  
  112  9:02  Drone x4  
  114  9:05  Queen  
  108  9:17  Centrifical Hooks  
  108  9:18  Hydralisk Den, Infestation Pit  
  108  9:23  Pneumatized Carapace  
  106  9:30  Overlord x3  
  106  9:41  Roach  
  106  9:42  Roach x8  
  124  9:48  Hatchery  
  124  9:50  Grooved Spines  
  123  9:53  Overseer  
  123  9:57  Zergling x20  
  133  10:02  Hydralisk  
  133  10:03  Hydralisk  
  137  10:16  Hydralisk x4  
  137  10:17  Zergling x10  
  137  10:18  Zergling x2  
  151  10:25  Zergling x2  
  151  10:26  Zergling x6  
  155  10:32  Hive  
  155  10:36  Zergling x8  
  155  10:40  Extractor  
  155  10:41  Extractor  
  157  10:48  Hydralisk x5  
  167  10:50  Zergling x2  
  168  10:59  Spore Crawler  
  168  11:00  Drone x6, Spine Crawler x2  
  168  11:04  Extractor  
  170  11:05  Baneling x5  
  170  11:06  Baneling x3  
  170  11:13  Overseer  
  170  11:15  Muscular Augments  
  170  11:17  Drone x3, Hydralisk x2  
  177  11:18  Zergling x2  
  177  11:19  Zergling x16  
  185  11:29  Hydralisk x2  
  185  11:30  Hydralisk x2  
  185  11:32  Drone  
  191  11:52  Zergling x2  
  191  11:53  Zergling x6  
  191  12:14  Baneling x6  
  191  12:15  Baneling x10  
  187  12:17  Baneling  
  187  12:18  Baneling  
  187  12:19  Zergling x2, Baneling  
  187  12:20  Zergling x14  
  191  12:30  Baneling  
  191  12:31  Baneling x10  
  191  12:36  Baneling x4  
  191  12:43  Baneling x6  
  180  12:44  Zergling x18  
Show
View Real Time Build Order
Export as new Build Order

Everto Protoss 

Build Orders: 1 Gate Expand, Oracle Opening, Archon Immortal, Archon Drop 

Get SALT Encoding   

  12  0:01  Probe  
  13  0:13  Probe  
  14  0:20  Pylon  
  14  0:25  Probe  
  15  0:35  Probe  
  15  0:39  Gateway  
  16  0:43  Probe  
  17  0:51  Assimilator  
  17  0:53  Probe  
  18  1:17  Probe  
  19  1:26  Nexus  
  19  1:39  Cybernetics Core  
  19  1:43  Probe  
  20  1:55  Probe  
  20  1:57  Pylon  
  21  2:03  Probe  
  21  2:05  Assimilator  
  22  2:11  Probe  
  23  2:18  Adept  
  23  2:21  Probe  
  25  2:24  Warp Gate  
  26  2:33  Probe  
  27  2:38  Probe  
  28  2:46  Assimilator, Probe  
  28  2:48  Adept  
  28  2:51  Probe  
  32  2:55  Stargate  
  32  2:58  Probe  
  33  3:00  Probe  
  34  3:08  Probe  
  34  3:10  Probe  
  36  3:17  Probe  
  36  3:22  Probe  
  38  3:29  Probe  
  38  3:30  Oracle  
  38  3:32  Adept  
  39  3:34  Probe  
  39  3:40  Gateway  
  43  3:41  Probe  
  43  3:43  Pylon  
  43  3:46  Probe  
  45  3:53  Probe  
  46  4:01  Probe  
  46  4:02  Pylon  
  47  4:05  Probe  
  47  4:07  Phoenix, Robotics Facility  
  50  4:13  Twilight Council  
  50  4:16  Probe  
  51  4:17  Pylon  
  51  4:18  Probe  
  52  4:28  Probe  
  52  4:30  Probe  
  54  4:39  Adept  
  54  4:40  Probe  
  54  4:42  Probe  
  54  4:43  Gateway  
  54  4:44  Gateway  
  58  4:46  Warp Prism  
  58  4:52  Assimilator, Probe  
  61  5:00  Probe  
  61  5:01  Templar Archives  
  61  5:04  Probe  
  63  5:12  Nexus  
  63  5:16  Pylon  
  63  5:17  Probe x2  
  65  5:29  Probe x2  
  65  5:31  Pylon  
  65  5:32  Pylon  
  65  5:35  Pylon  
  67  5:41  Probe x2  
  69  5:46  High Templar x4  
  77  5:50  Archon x2  
  77  5:53  Probe x2  
  77  5:54  Pylon  
  77  5:55  Pylon  
  77  5:56  Observer  
  80  6:05  Probe  
  80  6:09  Probe  
  82  6:14  Gateway  
  82  6:16  Gateway, Immortal  
  82  6:18  Zealot, Gateway  
  86  6:19  Zealot x2  
  86  6:21  Zealot  
  94  6:30  Probe x2  
  96  6:41  Charge  
  96  6:44  Zealot x3  
  96  6:45  Zealot  
  96  6:46  Immortal  
  104  6:54  Probe x2  
  104  6:55  Probe  
  107  7:05  Zealot x4  
  107  7:06  Probe x2  
  107  7:07  Probe  
  116  7:28  Zealot x3  
  116  7:29  Zealot x4  
  120  7:33  Immortal  
  112  7:43  Probe x3  
  107  7:45  Assimilator  
  107  7:47  Assimilator  
  102  7:55  Probe x3  
  102  7:57  High Templar x3  
  102  7:58  High Templar x4  
  107  8:04  Archon  
  107  8:05  Archon x2  
  103  8:11  Gateway  
  103  8:13  Shield Battery, Gateway  
  103  8:15  Shield Battery, Gateway  
  103  8:16  Shield Battery  
  103  8:18  Shield Battery  
  103  8:20  Pylon, Shield Battery  
  103  8:24  Pylon  
  103  8:25  Pylon  
  103  8:43  Zealot x6  
  100  8:54  Immortal  
  88  9:08  Zealot x6  
  88  9:09  Zealot x3  
  102  9:21  Nexus  
  102  9:33  High Templar x5, Immortal  
  102  9:36  Zealot x3  
  122  9:39  Archon x2  
  122  9:40  High Templar  
  124  9:48  Archon  
  124  9:56  Pylon  
  124  9:57  Pylon  
  124  10:01  Zealot  
  124  10:06  Forge  
  126  10:07  Forge  
  126  10:09  Pylon  
  126  10:10  Pylon  
  126  10:11  Psionic Storm  
  126  10:23  Probe x2  
  128  10:30  Pylon x2  
  128  10:31  High Templar x2  
  128  10:35  Probe  
  133  10:52  Zealot, High Templar x2  
  133  10:53  Zealot x4  
  147  11:05  Adept  
  147  11:06  Adept x2  
  147  11:10  Protoss Ground Weapons Level 1  
  153  11:17  High Templar  
  153  11:18  Zealot x4  
  161  11:36  Probe x2  
  161  11:39  Observer  
  153  11:53  Zealot x2, Nexus  
  153  11:54  Zealot x3  
  116  11:55  Probe  
  116  11:56  Pylon  
  119  12:06  High Templar x2  
  123  12:11  Warp Prism  
  124  12:27  Zealot x4  
  124  12:28  Zealot x2  
  136  12:41  Archon  
  136  12:43  Zealot  
  136  12:44  Zealot x2  
Tags
 
Add a new tag
Caveats
  • Supply blocks, unpowered buildings, or Contaminate may cause inaccurate times.
  • Supply counts are checked every 10 seconds.